 Dungeon Crawl Stone Soup version 0.26-a0-259-g1effd001a9 (webtiles) character file.

Game seed: 2524780881936162946

919 Panduzzy the Chopper (level 7, -8/58 HPs)
             Began as a Demigod Fighter on July 25, 2020.
             Mangled by an orc warrior
             ... wielding a +0 short sword
              (14 damage)
             ... on level 5 of the Dungeon.
             The game lasted 00:12:23 (3062 turns).

Panduzzy the Chopper (Demigod Fighter)              Turns: 3062, Time: 00:12:24

Health: -8/58      AC: 10    Str: 23    XL:     7   Next: 53%
Magic:  9/9        EV:  8    Int: 12    God:
Gold:   48         SH: 15    Dex: 15    Spells: 6/6 levels left

rFire    x . .     SeeInvis .   a - +0 war axe
rCold    + + .     Faith    .   c - +0 kite shield
rNeg     . . .     Spirit   .   i - +0 ice dragon scales
rPois    .         Reflect  +   (no helmet)
rElec    .         Harm     .   (no cloak)
rCorr    .                      (no gloves)
MR       .....                  (no boots)
Stlth    ..........             e - amulet of reflection
HPRegen  0.19/turn              k - ring of wizardry
MPRegen  0.11/turn              (no ring)

@: mighty
A: high mp 1
a: no special abilities


You were on level 5 of the Dungeon.
You were not hungry.

You visited 2 branches of the dungeon, and saw 7 of its levels.

You collected 48 gold pieces.

Inventory:

Hand Weapons
 a - a +0 war axe (weapon)
 j - a +0 dagger
Missiles
 l - 6 boomerangs (quivered)
Armour
 b - a +0 scale mail
 c - a +0 kite shield (worn)
 h - a +0 scale mail
 i - +0 ice dragon scales (worn)
 s - a +0 chain mail
Jewellery
 e - an amulet of reflection (around neck)
 k - a ring of wizardry (left hand)
 m - an uncursed amulet of magic regeneration {unknown}
Potions
 g - a potion of haste {unknown}
 n - a potion of curing {unknown}
 o - a potion of degeneration {unknown}
 p - a potion of brilliance {unknown}
 q - a potion of lignification {unknown}
Comestibles
 f - 4 rations


   Skills:
 + Level 3.6 Fighting
 + Level 5.7 Axes
 + Level 4.1 Armour
 + Level 2.0 Dodging
 + Level 0.3 Stealth
 + Level 4.6 Shields


You had 6 spell levels left.
You didn't know any spells.
Your spell library was empty.

Dungeon Overview and Level Annotations

Branches:
Dungeon (6/15)             Temple (1/1) D:4


Innate Abilities, Weirdness & Mutations

You have an increased reservoir of magic. (+10% MP)


Message History

The orc warrior hits you but does no damage.
The orc priest looks satisfied for a moment.
You climb upwards.
Reactivating autopickup.
There is a stone staircase leading down here.
You closely miss the orc warrior. You block the orc warrior's attack.
You closely miss the orc warrior. You block the orc warrior's attack.
The orc warrior closely misses you.
You slash the orc warrior!
The orc warrior is moderately wounded.
The orc warrior hits you but does no damage.
You slash the orc warrior!
The orc warrior is almost dead.
The orc warrior hits you with a +0 short sword.
* * * LOW HITPOINT WARNING * * *
You hit the orc warrior.
The orc warrior is almost dead.
You block the orc warrior's attack.
The orc warrior hits you with a +0 short sword!
You die...

#.#......>..#
#.##........## ###
#............# #.#
#............#####.#
+..................#
#...################
#...########
#..[..o....#
###..@.....#
#........#
#........#
#........#
#........#
#........#
#........#
##########


You could see an orc warrior.

Vanquished Creatures
  Grinder (D:4)
  An orc warrior (D:4)
  A sky beast (D:5)
  2 ogres (D:5)
  2 scorpions (D:4)
  A howler monkey (D:3)
  2 iguanas
  2 worker ants
  Robin (D:3)
  6 adders
  An adder skeleton (D:4)
  A dart slug (D:2)
  2 leopard geckos
  4 orcs
  2 bats (D:2)
  A giant cockroach (D:2)
  12 goblins
  4 hobgoblins
  5 jackals (D:3)
  2 quokkas
  3 frilled lizards
  5 kobolds
  3 rats
64 creatures vanquished.

Notes
Turn   | Place    | Note
-------+----------+-------------------------------------------
     0 | D:1      | Panduzzy the Demigod Fighter began the quest for the Orb.
     0 | D:1      | Reached XP level 1. HP: 18/18 MP: 3/3
     2 | D:1      | Noticed a halfling
     2 | D:1      | Noticed a dwarf
     4 | D:1      | Noticed a vine stalker
     4 | D:1      | Noticed a demonspawn
     8 | D:1      | Noticed a merfolk
    10 | D:1      | Noticed a naga
    10 | D:1      | Noticed a centaur
    12 | D:1      | Noticed a troll
    14 | D:1      | Noticed an elf
    16 | D:1      | Noticed a vampire
    18 | D:1      | Noticed a minotaur
    18 | D:1      | Noticed a human
    20 | D:1      | Noticed a felid
    20 | D:1      | Noticed a ghoul
    22 | D:1      | Noticed an octopode
    22 | D:1      | Noticed a spriggan
    24 | D:1      | Noticed a demigod
    24 | D:1      | Noticed a draconian
    26 | D:1      | Noticed a formicid
    26 | D:1      | Noticed a tengu
    28 | D:1      | Noticed a gargoyle
    28 | D:1      | Noticed an ogre
   168 | D:1      | Reached skill level 2 in Axes
   367 | D:2      | Reached XP level 2. HP: 10/25 MP: 4/4
   776 | D:2      | Reached XP level 3. HP: 30/30 MP: 5/5
   906 | D:2      | You fall into a shaft and drop 2 floors!
   907 | D:4      | Noticed a scorpion
   908 | D:4      | Noticed a scorpion
   921 | D:4      | Killed a scorpion
   921 | D:4      | Reached XP level 4. HP: 27/38 MP: 6/6
   922 | D:4      | Reached skill level 3 in Axes
  1109 | D:4      | Found an iron altar of Okawaru.
  1120 | D:4      | Reached XP level 5. HP: 25/45 MP: 7/7
  1220 | D:4      | Reached skill level 1 in Dodging
  1320 | D:4      | Found a staircase to the Ecumenical Temple.
  1320 | D:4      | Noticed Grinder
  1344 | D:4      | Paralysed by Grinder for 7 turns
  1351 | D:4      | Killed Grinder
  1351 | D:4      | Reached skill level 4 in Axes
  1351 | D:4      | Reached XP level 6. HP: 18/51 MP: 8/8
  1552 | Temple   | Entered the Ecumenical Temple
  1903 | D:4      | HP: 1/51 [orc warrior/+0 trident (6)]
  2342 | D:3      | Noticed Robin
  2366 | D:3      | Killed Robin
  2518 | D:5      | Entered Level 5 of the Dungeon
  2537 | D:5      | Reached skill level 5 in Axes
  2537 | D:5      | Reached XP level 7. HP: 57/57 MP: 9/9
  2553 | D:5      | Found a sacrificial altar of Ru.
  3062 | D:5      | Mangled by an orc warrior

Illustrated notes

Levels and vault maps discovered:
D:1:      kb_arrival_jail, layout_loops_ring
D:2:      layout_basic
D:3:      wander_river, layout_basic, uniq_robin
D:4:      layout_basic, minmay_temple_entry_trees, nicolae_ossuary_entry_giza,
          first_ration, okawaru_trees_1, uniq_blork_the_orc, uniq_grinder
D:5:      layout_basic, overflow_temple_1_default, led_sif_book, uniq_duvessa,
          uniq_crazy_yiuf_cottage
D:6:      layout_cave_pods
Temple:   regret_index_temple_chain_breaker

Skill      XL: |  1  2  3  4  5  6  7 |
---------------+----------------------+-----
Axes           | 2 3 4 5 |  5.7
Shields        | 3 4 |  4.6
Armour         | 3 4 |  4.1
Fighting       | 3 |  3.6
Dodging        | 1 2 |  2.0
Stealth        | |  0.3

Action                   |  1- 3 |  4- 6 |  7- 9 || total
-------------------------+-------+-------+-------++-------
Melee: War axe           |    78 |   118 |    43 ||   239
  Use: Scroll            |       |     3 |     2 ||     5
       Potion            |       |     2 |     1 ||     3
  Eat: Ration            |     1 |     1 |       ||     2
Armor: Ice dragon scales |    37 |    36 |    10 ||    83
       Scale mail        |     4 |       |       ||     4
Dodge: Dodged            |    17 |    30 |     8 ||    55
Block: Kite shield       |    71 |   105 |    29 ||   205
       Reflection        |     3 |       |       ||     3

Table legend:
 A = Non-vault XP
 B = Vault XP
 C = Vault XP percentage of total XP
 D = Non-vault monster count
 E = Vault monster count
 F = Vault count percentage of total count
                 A         B        C        D         E       F
            +---------+---------+-------+---------+---------+-------
      Total |     994 |     320 |  24.4 |      50 |      14 |  21.9
            +---------+---------+-------+---------+---------+-------
        D:1 |       7 |       0 |   0.0 |       5 |       0 |   0.0
        D:2 |      48 |       0 |   0.0 |      14 |       0 |   0.0
        D:3 |      81 |      34 |  29.6 |      10 |      13 |  56.5
        D:4 |     389 |     286 |  42.4 |      12 |       1 |   7.7
        D:5 |     431 |       0 |   0.0 |       7 |       0 |   0.0
        D:6 |      38 |       0 |   0.0 |       2 |       0 |   0.0
            +---------+---------+-------+---------+---------+-------
